 Dungeon Sprint DCSS version 0.23-a0-82-gdf0b57c211 (webtiles) character file.

88 PikkenKukken the Charlatan (level 4, -3/37 HPs)
             Began as a Demonspawn Artificer on Aug 13, 2018.
             Slain by a slime creature (18 damage)
             ... in the Dungeon (Sprint I: "Red Sonja").
             The game lasted 00:02:39 (336 turns).

PikkenKukken the Charlatan (Demonspawn Artificer)    Turns: 336, Time: 00:02:40

Health: -3/37      AC:  3    Str: 12    XL:     4   Next: 29%
Magic:  7/7        EV: 13    Int: 13    God:
Gold:   162        SH:  0    Dex: 14    Spells: 3/3 levels left

rFire    . . .     SeeInvis .   a - +0 short sword
rCold    . . .     Gourm    .   (no shield)
rNeg     . . .     Faith    .   b - +0 leather armour
rPois    .         Spirit   .   (no helmet)
rElec    .         Reflect  .   (no cloak)
rCorr    .         Harm     .   (no gloves)
MR       .....     NoTele   +   (no boots)
Stlth    ++........             (no amulet)
HPRegen  0.12/turn              (no ring)
MPRegen  0.10/turn              (no ring)

@: no status effects
A: claws 1, demonic guardian 1
a: no special abilities


You were in the Dungeon.
You were not hungry.

You visited 1 branch You collected 162 gold pieces.

Inventory:

Hand Weapons
 a - a +0 short sword (weapon)
Armour
 b - a +0 leather armour (worn)
 m - a +0 leather armour
Wands
 c - a wand of flame (39)
 d - a wand of enslavement (15)
 e - a wand of random effects (8)
Scrolls
 l - a scroll of blinking
Potions
 g - a potion of curing
 h - a potion of heal wounds
 i - a potion of haste
 j - 2 potions of magic
 k - a potion of berserk rage
Comestibles
 f - a ration


   Skills:
 + Level 3.7 Fighting
 + Level 3.4 Short Blades
 + Level 3.8 Dodging
 + Level 3.7 Stealth
 + Level 4.8 Evocations


You had 3 spell levels left.
You didn't know any spells.
Your spell library was empty.

Dungeon Overview and Level Annotations

Branches:
Dungeon (1/1)

Altars:
Makhleb
Xom
Jiyva
Lugonu

Annotations:
D Sigmund


Innate Abilities, Weirdness & Mutations

You have sharp fingernails.
A weak demonic guardian rushes to your aid.


Message History

The slime creature hits your iron imp!
Your iron imp dies!
The slime creature hits your iron imp!
Your iron imp hits the slime creature!
The slime creature barely misses your iron imp.
The slime creature hits your iron imp.
Your iron imp dies!
You barely miss the slime creature.
The slime creature is moderately wounded.
The slime creature hits you!
There's a creature in the doorway!
Evoke which item? (* to show all) (? for menu, Esc to quit)
Aiming: Random Effects
Press: ? - help, Shift-Dir - straight line, f/p - slime creature
Aim: a slime creature (moderately wounded)
The mass of ice explodes!
The iceblast engulfs the slime creature.
The slime creature is severely wounded.
The iceblast engulfs you! The slime creature hits you!!
You die...

################ ##
#<.#..'..#.@J5.#__#
#..'÷.#.)'..#..'..+
#..#####'#####+#__#
#..# #..# ## #..#
#### #..# #⌠⌠# ####


You could see a slime creature and a friendly quasit.

Vanquished Creatures
  An ogre (D)
  Ijyb (D)
2 creatures vanquished.

Notes
Turn   | Place    | Note
-------+----------+-------------------------------------------
     0 | D        | PikkenKukken the Demonspawn Artificer began the quest for the Orb.
     0 | D        | Reached XP level 1. HP: 15/15 MP: 3/3
     1 | D        | Noticed Ijyb
    17 | D        | Killed Ijyb
    17 | D        | Gained mutation: A weak demonic guardian rushes to your aid. [demonic ancestry]
    17 | D        | Reached XP level 2. HP: 23/23 MP: 4/4
    27 | D        | Noticed an ogre
    33 | D        | Killed an ogre
    33 | D        | Reached skill level 4 in Evocations
    33 | D        | Gained mutation: You have sharp fingernails. [demonic ancestry]
    33 | D        | Reached XP level 3. HP: 30/30 MP: 4/6
    33 | D        | Reached XP level 4. HP: 37/37 MP: 4/7
    63 | D        | Noticed Sigmund
   219 | D        | Found a burning altar of Makhleb.
   219 | D        | Found a viscous altar of Jiyva.
   219 | D        | Found a shimmering altar of Xom.
   219 | D        | Found a corrupted altar of Lugonu.
   219 | D        | Noticed a slime creature
   336 | D        | Slain by a slime creature

Vault maps used:
D:        dungeon_sprint_1

Skill      XL: |  1  2 |
---------------+-------+-----
Fighting       | 2 3 |  3.7
Short Blades   | 2 3 |  3.4
Dodging        | 2 3 |  3.8
Stealth        | 2 3 |  3.7
Evocations     | 4 |  4.8

Action                   |  1- 3 |  4- 6 || total
-------------------------+-------+-------++-------
Melee: Short sword       |    12 |     1 ||    13
Evoke: Wand              |     5 |     7 ||    12
 Stab: Paralysed         |     6 |       ||     6
       Sleeping          |     1 |       ||     1
Armor: Leather armour    |     1 |       ||     1
Dodge: Dodged            |     7 |       ||     7

Table legend:
 A = Non-vault XP
 B = Vault XP
 C = Vault XP percentage of total XP
 D = Non-vault monster count
 E = Vault monster count
 F = Vault count percentage of total count
 G = Total turns spent on level
                 A         B        C        D         E       F
            +---------+---------+-------+---------+---------+-------
      Total |       0 |     126 | 100.0 |       0 |       2 | 100.0
            +---------+---------+-------+---------+---------+-------
          D |       0 |     126 | 100.0 |       0 |       2 | 100.0
            +---------+---------+-------+---------+---------+-------
